 Dungeon Crawl Stone Soup version 0.31-a0-1159-g800acc2fd1 (webtiles) character file.

Game seed: 4525762941705612874

114 Malachi the Sneak (level 4, 0/29 HPs)
             Began as an Octopode Brigand on Dec 8, 2023.
             Was a Plaything of Xom.
             Slain by Grinder (4 damage)
             ... on level 3 of the Dungeon.
             The game lasted 00:01:55 (1801 turns).

Malachi the Sneak (Octopode Brigand)                Turns: 1801, Time: 00:01:55

Health: 0/29       AC:  1    Str: 10    XL:     4   Next: 98%
Magic:  4/4        EV: 12    Int: 13    God:    Xom [.*....]
Gold:   63         SH:  0    Dex: 15    Spells: 3/3 levels left

rFire   . . .        a - +2 dagger
rCold   . . .        (no shield)
rNeg    . . .        (helmet restricted)
rPois   .            (no amulet)
rElec   .            e - ring of willpower
rCorr   .            (no ring)
SInv    .            (no ring)
Will    +....        (no ring)
Stlth   +++++        (no ring)
HPRegen 0.24/turn    (no ring)
MPRegen 0.09/turn    (no ring)
                     (no ring)

%: no passive effects
@: mighty
A: almost no armour, amphibious, 8 rings, camouflage 1, gelatinous body 1,
(nimble swimmer 1), tentacles
a: Renounce Religion


You were on level 3 of the Dungeon.
You worshipped Xom.
You were a plaything of Xom.
You visited 1 branch of the dungeon, and saw 4 of its levels.

You collected 107 gold pieces.
You spent 44 gold pieces at shops.

Inventory:

Hand Weapons
 a - a +2 dagger (weapon)
Missiles
 b - 19 poisoned darts (quivered)
 c - 3 curare-tipped darts
Jewellery
 e - a ring of willpower (left tentacle)
 q - a ring of ice
Talismans
 k - a dragon-blood talisman
Scrolls
 d - a scroll of teleportation {unknown}
 f - 3 scrolls of identify {unknown}
 g - a scroll of enchant weapon {unknown}
 h - a scroll of noise {unknown}
 o - a scroll of immolation {unknown}
 s - a scroll of summoning {unknown}
Potions
 i - 2 potions of heal wounds {unknown}
 j - 4 potions of curing {unknown}
 l - 2 potions of mutation {unknown}
 m - a potion of brilliance {unknown}
 n - a potion of invisibility {unknown}
 p - a potion of degeneration {unknown}
 r - a potion of magic {unknown}


   Skills:
 - Level 2.0 Fighting
 + Level 3.7 Short Blades
 - Level 2.0 Throwing
 - Level 1.0 Dodging
 + Level 7.1 Stealth


You had 3 spell levels left.
You didn't know any spells.
Your spell library contained the following spells:

 Spells                   Type           Power      Damage    Failure   Level
 Sandblast                Erth           0%         2d4       30%         1
 Passwall                 Tmut/Erth      0%         N/A       43%         2
 Stone Arrow              Conj/Erth      0%         3d7       67%         3
 Brom's Barrelling Bould  Conj/Erth      0%         2d3       97%         4


Dungeon Overview and Level Annotations

Branches:
Dungeon (4/15)
 Temple: D:4-7

Altars:
Cheibriados
Fedhas
Xom

Shops:
D:3 !

Annotations:
D:3 Grinder


Innate Abilities, Weirdness & Mutations

You cannot wear most types of armour.
You are amphibious.
You can wear up to eight rings at the same time.
Your skin changes colour to match your surroundings (Stealth+).
Your rubbery body absorbs attacks. (AC +1, EV +1)
((You are camouflaged when in or above water. (Stealth+)))
You have tentacles for arms and can constrict up to eight enemies at once.


Message History

No target in view!
You see here an adder corpse.
You now have 100 gold pieces (gained 8).
Found Onireth's Distillery.
Found a stone staircase leading up.
Found a mace.
There is a fountain of clear blue water here.
There is an entrance to Onireth's Distillery here.
t - a potion of might Thank you for shopping at Onireth's Distillery!
Found an escape hatch in the ceiling.
There is a fountain of clear blue water here.
You now have 63 gold pieces (gained 7).
Found a stone staircase leading down.
Xom's attention almost turns to you for a moment.
Your scroll labelled PEITRA SUNKEUB BEE falls out of your pack, then immediately jumps back in!
Found 8 stones.
Grinder comes into view.
You see here 8 stones.
An adder comes into view.
Grinder shouts!
Grinder sighs, "No one appreciates my work."
Grinder hits you.
You writhe in agony.
You feel very mighty all of a sudden. Grinder hits you.
You writhe in agony.
You hit Grinder. You grab Grinder. Your squeeze misses Grinder.
Grinder is lightly wounded.
You constrict Grinder. Grinder gestures at you. Pain shoots through your body!
* * * LOW HITPOINT WARNING * * *
You hit Grinder. You squeeze Grinder!
Grinder is heavily wounded.
You constrict Grinder. Grinder barely misses you.
You hit Grinder. Your squeeze misses Grinder.
Grinder is severely wounded.
You constrict Grinder. Grinder hits you.
You die...
Grinder sighs, "Dead already?
I want a refund."
Xom thinks this is hilarious!

.####..............<
###.##########..
#####.#...........
#...........####..
#.....#.###.......
#.(####.# #....... #..#
# #....... #.##..#
#......⌠ ## #...@.#
#.)..... .##
#...5................⌠
..
.......##..######..<....
.# ###.... ..# #.#.....
.# #..#. S.# #....... .#
#..#. .S# ......## .#
#..#. .# .....# #
.######## #. #. ....
.##.....##


You could see Grinder and an adder (wandering).

Vanquished Creatures
  Natasha (twice) (D:3)
  3 adders (D:3)
  A worm (D:2)
  A dart slug (D:1)
  An orc (D:3)
  3 endoplasms
  A giant cockroach (D:1)
  4 goblins
  3 hobgoblins
  5 ball pythons
  6 bats
  2 frilled lizards
  A kobold (D:2)
  4 rats
37 creatures vanquished.

Notes
Turn   | Place    | Note
-------+----------+-------------------------------------------
     0 | D:1      | Malachi the Octopode Brigand began the quest for the Orb.
     0 | D:1      | Reached XP level 1. HP: 14/14 MP: 1/1
   174 | D:1      | Reached XP level 2. HP: 19/19 MP: 2/2
   740 | D:2      | Found a faded altar of an unknown god.
   810 | D:2      | Prayed at the altar of an unknown god.
   810 | D:2      | Became a worshipper of Xom of Chaos
  1065 | D:2      | XOM: silly message
  1084 | D:2      | Reached skill level 6 in Stealth
  1178 | D:2      | Reached XP level 3. HP: 24/24 MP: 3/3
  1312 | D:2      | Found a blossoming altar of Fedhas.
  1455 | D:2      | You fall into a shaft and drop 2 floors!
  1564 | D:3      | Found a shimmering altar of Xom.
  1564 | D:3      | XOM: 2-stop teleportation journey
  1618 | D:3      | Noticed Natasha
  1623 | D:3      | Found a snail-covered altar of Cheibriados.
  1625 | D:3      | Killed Natasha
  1626 | D:3      | Reached XP level 4. HP: 29/29 MP: 4/4
  1629 | D:3      | XOM: 1-stop teleportation journey
  1643 | D:3      | Noticed Natasha
  1649 | D:3      | Killed Natasha
  1650 | D:3      | Reached skill level 7 in Stealth
  1757 | D:3      | Found Onireth's Distillery.
  1763 | D:3      | Bought a potion of might for 44 gold pieces
  1781 | D:3      | XOM: silly message
  1793 | D:3      | Noticed Grinder
  1801 | D:3      | Slain by Grinder

Illustrated notes

Levels and vault maps discovered:
D:1:      noname_arrival_rooms_in_the_neighbourhood, layout_loops_ring
D:2:      layout_basic, basic_altar, chequers_ecumenical_altar_simple_redux,
          uniq_crazy_yiuf_cottage
D:3:      layout_loops_ring, mainiacjoe_overflow_chevrons,
          mainiacjoe_overflow_small_starburst, serial_shops, shop_fountains,
          uniq_natasha, uniq_grinder
D:4:      layout_gridville, serial_shops, shop, kennysheep_mini,
          nicolae_diamond_shop, nicolae_shop_tiny_statue_garden

Skill      XL: |  1  2  3  4 |
---------------+-------------+-----
Stealth        | 6 7 |  7.1
Short Blades   | 3 |  3.7
Fighting       | |  2.0
Throwing       | |  2.0
Dodging        | |  1.0

Action                     |  1- 3 |  4- 6 || total
---------------------------+-------+-------++-------
  Melee: Dagger            |    43 |    12 ||    55
         Constrict         |     9 |     4 ||    13
         Tentacles         |     5 |     2 ||     7
         Punch             |     1 |       ||     1
    Use: Potion            |       |     1 ||     1
   Stab: Sleeping          |    16 |     2 ||    18
 Armour: Skin              |    17 |     6 ||    23
  Dodge: Dodged            |    19 |     7 ||    26

Table legend: (Time is in decaauts)
 A = Elapsed time spent in this place.
 B = Non-inter-level travel time spent in this place.
 C = Inter-level travel time spent in this place.
 D = Time resting spent in this place.
 E = Time spent auto-exploring this place.
 F = Levels seen in this place.
 G = Mean time per level.
                   A        B        C        D        E       F      G
               +--------+--------+--------+--------+--------+-----+--------+
         Total |   1792 |   1744 |     48 |    206 |   1259 |   4 |  448.0 |
       Dungeon |   1792 |   1744 |     48 |    206 |   1259 |   4 |  448.0 |
               +--------+--------+--------+--------+--------+-----+--------+

Top non-repeatable levels by time:
     D:2: 754 daAuts
     D:1: 696 daAuts
     D:3: 318 daAuts
     D:4: 23 daAuts
